 Dungeon Crawl Stone Soup version 0.31-a0-997-g9a2f3ffc92 (webtiles) character file.

Game seed: 2659355979472357645

30 senseless the Changeling (level 3, -3/27 HPs)
             Began as a Merfolk Shapeshifter on Nov 7, 2023.
             Was a Follower of Elyvilon.
             Slain by Terence
             ... wielding a +0 flail of protection
              (5 damage)
             ... on level 2 of the Dungeon.
             The game lasted 00:02:07 (820 turns).

senseless the Changeling (Merfolk Shapeshifter)      Turns: 820, Time: 00:02:07

Health: -3/27      AC:  3    Str: 16    XL:     3   Next: 20%
Magic:  0/3        EV: 12    Int:  9    God:    Elyvilon [*.....]
Gold:   62         SH:  0    Dex: 13    Spells: 2/2 levels left

rFire   . .          .
                       - Unarmed
rCold   . . .        (no shield)
rNeg    . . .        l - +0 leather armour
rPois   .            (helmet currently unavailable)
rElec   .            (cloak currently unavailable)
rCorr   .            (gloves currently unavailable)
SInv    .            (boots currently unavailable)
Will    .....        n - amulet of guardian spirit
Stlth   +            g - ring of wizardry
HPRegen 0.24/turn    (no ring)
MPRegen 0.08/turn

%: guardian spirit, wizardry (x1)
@: beast-form
A: beast (slay +2), (nimble swimmer 2), mertail
a: Begin Untransformation, Renounce Religion, Purification


You were on level 2 of the Dungeon.
You worshipped Elyvilon.
Elyvilon was aware of your devotion.
You were a hulking beast.
You visited 1 branch of the dungeon, and saw 2 of its levels.

You collected 62 gold pieces.

Inventory:

Missiles
 m - 2 datura-tipped darts (quivered)
Armour
 a - a +0 animal skin
 i - a +0 helmet
 l - a +0 leather armour (worn)
Jewellery
 g - a ring of wizardry (left hand)
 n - an amulet of guardian spirit (around neck)
Talismans
 c - a beast talisman
 d - a flux talisman
Scrolls
 e - a scroll of poison {unknown}
 f - 2 scrolls of identify {unknown}
Potions
 b - a potion of lignification
 h - a potion of resistance {unknown}
 j - 3 potions of might {unknown}
 k - a potion of attraction {unknown}


   Skills:
 + Level 1.9 Fighting
 + Level 3.3 Dodging
 + Level 3.6 Unarmed Combat
 + Level 4.4 Shapeshifting


You had 2 spell levels left.
You didn't know any spells.
Your spell library contained the following spells:

 Spells                   Type           Power      Damage    Failure   Level
 Kiss of Death            Conj/Necr      0%         2d5       21%         1
 Confusing Touch          Hex            0%         N/A       50%         3
 Hailstorm                Conj/Ice       0%         3d3       50%         3
 Dispel Undead            Necr           0%         3d6       86%         4
 Summon Ice Beast         Ice/Summ       0%         N/A       86%         4
 Simulacrum               Ice/Necr       0%         N/A       100%        6


Dungeon Overview and Level Annotations

Branches:
Dungeon (2/15)

Altars:
Elyvilon

Annotations:
D:2 Terence


Innate Abilities, Weirdness & Mutations

You are a hulking beast.
Your limbs bulge with bestial killing power. (Slay +2)
((You are very nimble when in or above water. (Stealth+, EV+, Speed+++)))
Your lower body shifts to a powerful aquatic tail in water.


Message History

You barely miss Terence.
An adder comes into view.
Terence hits you with a +0 flail of protection!
The adder moves out of view.
You are too injured to fight recklessly!
You are too injured to fight recklessly!
You are too injured to fight recklessly!
You are too injured to fight recklessly!
You are too injured to fight recklessly!
You are too injured to fight recklessly!
You are too injured to fight recklessly!
You are too injured to fight recklessly!
You are too injured to fight recklessly!
You are too injured to fight recklessly!
You are too injured to fight recklessly!
You are too injured to fight recklessly!
You are too injured to fight recklessly!
You are too injured to fight recklessly!
You hit Terence.
Terence is lightly wounded.
Terence hits you with a +0 flail of protection.
You closely miss Terence.
Terence is lightly wounded.
Terence hits you with a +0 flail of protection!
* * * LOW HITPOINT WARNING * * *
You punch Terence!
Terence is heavily wounded.
Terence barely misses you.
You hit Terence.
Terence is severely wounded.
Terence hits you with a +0 flail of protection.
* * * LOW HITPOINT WARNING * * *
You barely miss Terence.
Terence is severely wounded.
Terence closely misses you.
You hit Terence but do no damage.
Terence is severely wounded.
Terence hits you with a +0 flail of protection.
You die...
Terence says, "Time to find some more victims."

..................# #
.........#......#. #.
....##.........##.
..##(#.....<......##.
#.
...#.##.###.....##.
#.##.#.##.###.....##.
#...............####.
#............# #.
#h#.###......####.
#..@#.# ##..........
#.#.#.# #.##.#.....
#.#.#># #.##.#.#### #
#.#.# #....#.# #
#.#.# ######.# #
#.### #.# # #.#
#.#### #.....


You could see Terence.

Vanquished Creatures
  An adder (D:2)
  A dart slug (D:1)
  2 bats
  An endoplasm (D:1)
  A goblin (D:1)
  4 jackals (D:1)
  3 ball pythons (D:1)
  2 frilled lizards
  3 kobolds
  2 rats (D:1)
20 creatures vanquished.

Notes
Turn   | Place    | Note
-------+----------+-------------------------------------------
     0 | D:1      | senseless the Merfolk Shapeshifter began the quest for the
                  | Orb.
     0 | D:1      | Reached XP level 1. HP: 15/15 MP: 1/1
    33 | D:1      | You fall into a shaft and drop 1 floor!
    45 | D:1      | Found a faded altar of an unknown god.
    61 | D:1      | Prayed at the altar of an unknown god.
    61 | D:1      | Became a worshipper of Elyvilon the Healer
    61 | D:1      | Reached * piety under Elyvilon
   217 | D:1      | Reached XP level 2. HP: 19/21 MP: 2/2
   696 | D:2      | Reached XP level 3. HP: 11/27 MP: 3/3
   810 | D:2      | Noticed Terence
   820 | D:2      | Slain by Terence

Illustrated notes

Levels and vault maps discovered:
D:1:      matt_arrival_refuge, layout_rooms, basic_ecumenical_altar,
          chequers_avenue
D:2:      layout_basic, serial_curves, eino_curves_02, eino_curves_01,
          eino_curves_04, uniq_terence

Skill      XL: |  1 |
---------------+----+-----
Dodging        | 3 |  3.3
Fighting       | |  1.9
Unarmed Combat | |  3.6
Shapeshifting  | |  4.4

Action                     || total
---------------------------++-------
  Melee: Unarmed           ||    62
 Armour: Leather armour    ||    36
         Animal skin       ||     1
  Dodge: Dodged            ||    42

Table legend: (Time is in decaauts)
 A = Elapsed time spent in this place.
 B = Non-inter-level travel time spent in this place.
 C = Inter-level travel time spent in this place.
 D = Time resting spent in this place.
 E = Time spent auto-exploring this place.
 F = Levels seen in this place.
 G = Mean time per level.
                   A        B        C        D        E       F      G
               +--------+--------+--------+--------+--------+-----+--------+
         Total |    815 |    758 |     57 |      0 |    603 |   2 |  407.5 |
       Dungeon |    815 |    758 |     57 |      0 |    603 |   2 |  407.5 |
               +--------+--------+--------+--------+--------+-----+--------+

Top non-repeatable levels by time:
     D:1: 646 daAuts
     D:2: 168 daAuts
